 Dungeon Sprint DCSS version 0.29.1-15-g9cfb28693d (webtiles) character file.

Game seed: 6764486041108206635

9926 Groucho the Unseen (level 11, -7/47 HPs)
             Began as a Spriggan Enchanter on May 1, 2023.
             Was a High Priest of Dithmenos.
             Succumbed to a death drake's dark miasma
             ... in the Dungeon (Sprint II: "The Violet Keep of Menkaure").
             The game lasted 00:08:19 (1303 turns).

Groucho the Unseen (Spriggan Enchanter)             Turns: 1303, Time: 00:08:19

Health: -7/47      AC:  3    Str:  4    XL:     11   Next: 29%
Magic:  8/31       EV: 24    Int: 18    God:    Dithmenos [*****.]
Gold:   531        SH:  0    Dex: 15    Spells: 33/41 levels left

rFire   . . .      SeeInvis +   a - +1 dagger
rCold   . . .      Faith    .   (no shield)
rNeg    + . .      Spirit   .   f - +1 robe of the Purple Skies {rN+}
rPois   .          Reflect  .   (helmet restricted)
rElec   .          Harm     .   b - scarf {+Inv}
rCorr   .          Rampage  .   (gloves unavailable)
Will    +....      Rage     3%  (boots unavailable)
Stlth   ++++++++++ NoTele   +   (no amulet)
HPRegen 0.15/turn               h - ring of flight
MPRegen 0.22/turn               (no ring)

@: lethally poisoned (-7 -> -34), flying, slowed, wreathed by umbra, quick
A: very small, no large weapons, unfitting armour, see invisible, speed 3,
berserk 1, weak 2
a: Renounce Religion, Evoke Invisibility, Shadow Step, Shadow Form


You were in the Dungeon.
You worshipped Dithmenos.
Dithmenos was extremely pleased with you.
You visited 1 branch You collected 1296 gold pieces.
You spent 765 gold pieces at shops.

Inventory:

Hand Weapons
 a - a +1 dagger (weapon)
Armour
 b - a scarf of invisibility (worn)
 f - the +1 robe of the Purple Skies (worn) {rN+}
   (You bought it in a shop in the Dungeon)

   rN:        It protects you from negative energy.
Jewellery
 h - a ring of flight (left hand)
Potions
 c - a potion of invisibility
 g - 2 potions of magic
 j - a potion of haste
 k - a potion of might


   Skills:
 - Level 11.2 Short Blades
 + Level 11.4 Dodging
 - Level 16.0 Stealth
 + Level 15.7 Spellcasting
 + Level 6.5 Conjurations
 - Level 15.0 Hexes
 * Level 15.1 Evocations


You had 33 spell levels left.
You knew the following spells:

 Your Spells              Type           Power      Damage    Failure   Level
a - Ensorcelled Hibernat  Hex/Ice        82%        N/A       1%          2
b - Confusing Touch       Hex            62%        N/A       1%          3
c - Dazzling Flash        Conj/Hex       100%       N/A       1%          3

Your spell library contained the following spells:

 Spells                   Type           Power      Damage    Failure   Level
 Tukima's Dance           Hex            62%        N/A       1%          3


Dungeon Overview and Level Annotations

Branches:
Dungeon (1/1)

Altars:
Cheibriados
Dithmenos
Elyvilon
Fedhas
Gozag
Hepliaklqana
Kikubaaqudgha
Makhleb
Nemelex Xobeh
Okawaru
Qazlal
Ru
Sif Muna
Trog
Uskayaw
Vehumet
Wu Jian
Xom
Yredelemnul
Zin
The Shining One
Jiyva
Lugonu

Shops:
D :[:[?!*[=![?(=(

Annotations:
D exclusion: oklob plant


Innate Abilities, Weirdness & Mutations

You are very small and have problems with some larger weapons.
You are too small for most types of armour.
You have supernaturally acute eyesight. (SInv)
You cover ground extremely quickly. (Speed+++)
You sometimes lose your temper in combat.
You are very weak. (Str -4)


Message History

Casting: Ensorcelled Hibernation (safe; 1% risk of failure)
Confirm with . or Enter, or press ? or * to list all spells.
Aiming: Ensorcelled Hibernation (safe; 1% risk of failure)
Press: ? - help, Shift-Dir - straight line, f - death drake, p - swamp drake
Aim: a death drake (lightly wounded, umbra, chance to affect: 50%)
The death drake resists with some effort.
The death drake closely misses you.
Casting: Ensorcelled Hibernation (safe; 1% risk of failure)
Confirm with . or Enter, or press ? or * to list all spells.
Aiming: Ensorcelled Hibernation (safe; 1% risk of failure)
Press: ? - help, Shift-Dir - straight line, f/p - death drake
Aim: a death drake (lightly wounded, umbra, chance to affect: 50%)
The death drake resists with some effort.
The death drake breathes miasma at you. The foul vapour engulfs you!
You are poisoned.
Unknown command.
Casting: Ensorcelled Hibernation (safe; 1% risk of failure)
Confirm with . or Enter, or press ? or * to list all spells.
Aiming: Ensorcelled Hibernation (safe; 1% risk of failure)
Press: ? - help, Shift-Dir - straight line, f/p - death drake
Aim: a death drake (foul pestilence, lightly wounded, catching its breath, umbra, chance to affect: 50%)
The death drake resists with some effort.
You are engulfed in dark miasma.
You are lethally poisoned!
You feel yourself slow down.
* * * LOW HITPOINT WARNING * * *
You feel extremely sick. The death drake closely misses you.
A crystal guardian comes into view.
Unknown command.
Blink to where?
Press: ? - help, Dir - move target, p - death drake
As you read the scroll of blinking, it crumbles to dust.
* * * LOW HITPOINT WARNING * * *
You feel extremely sick.
A death drake comes into view.
Okay, then.
Okay, then.
You die... ##+##..#.†####^# # #...##.####..°.##k# ..#..# ...#÷[#.°.#### #.#.####..#####.9##)# "=!![

##'###.##..#..'.k#..#▓!$![$!
##.##...#..#..#..#..#▓!?$$[!?)
'.<.'###'..####..##.#▓[[?==[)$
##.##...#...§###.^.##▓▓▓▓▓▓▓+
##'###.##....§§~@~~~~~~~~~~~
#.#.####~~.§.§.~#'########+###
.##..#~~~~~§§..~#_._.....#~~~#
##..##~~~~§§~~.~#._._....#§~≈§
##+##~~~§≈≈§~~~~#_._._...#~~§§
○ °~~§~§§§≈§~~#._._._..#§~S§
○° '°#§≈§≈≈≈§≈~#_._._._.#§§~~
zz##≈§§###§≈#._._._._#~S~~
##≈≈ #≈≈#.._._._.#§~§§


You could see 2 death drakes and a crystal guardian.

Vanquished Creatures
  A deep elf master archer (D)
  A great orb of eyes (D)
  2 boulder beetles (D)
  A death yak (D)
  3 shining eyes (D)
  3 manticores (D)
  2 cane toads (D)
  A yaktaur (D)
  3 polar bears (D)
  A hornet (D)
  3 slime creatures (D)
  3 wyverns (D)
  4 neqoxecs (D)
  4 water moccasins (D)
  3 black bears (D)
  4 necrophages (D)
  3 worms (D)
42 creatures vanquished.

Vanquished Creatures (others)
  Menkaure (D)
  A water moccasin (D)
2 creatures vanquished.

Grand Total: 44 creatures vanquished

Notes
Turn   | Place    | Note
-------+----------+-------------------------------------------
     0 | D        | Groucho the Spriggan Enchanter began the quest for the Orb.
     0 | D        | Reached XP level 1. HP: 9/9 MP: 5/5
     1 | D        | Noticed a neqoxec
     7 | D        | Killed a neqoxec
     8 | D        | Reached skill level 5 in Short Blades
     8 | D        | Reached skill level 8 in Stealth
     8 | D        | Reached XP level 2. HP: 13/13 MP: 6/10
     8 | D        | Reached XP level 3. HP: 16/16 MP: 6/11
     8 | D        | Reached XP level 4. HP: 21/21 MP: 7/13
     9 | D        | Noticed a neqoxec
     9 | D        | Noticed a neqoxec
    10 | D        | Noticed a neqoxec
    12 | D        | Gained mutation: You are weak. (Str -2) [a neqoxec]
    14 | D        | Killed a neqoxec
    15 | D        | Reached skill level 10 in Stealth
    15 | D        | Reached XP level 5. HP: 24/24 MP: 8/16
    18 | D        | Killed a neqoxec
    19 | D        | Reached skill level 11 in Stealth
    19 | D        | Reached XP level 6. HP: 28/28 MP: 9/18
    19 | D        | Found Fakef's Distillery.
    19 | D        | Found Qem Ufu's Armour Emporium.
    19 | D        | Found Dyum's Weapon Emporium.
    19 | D        | Found Itui's Jewellery Shoppe.
    21 | D        | Found Comost's Antique Weapon Emporium.
    21 | D        | Found Guezael's Magic Scroll Shoppe.
    21 | D        | Found Poatojof's Jewellery Shoppe.
    29 | D        | Killed a neqoxec
    30 | D        | Reached skill level 12 in Stealth
    44 | D        | Reached XP level 7. HP: 32/32 MP: 13/21
    49 | D        | Reached skill level 10 in Hexes
    51 | D        | Reached skill level 13 in Stealth
    51 | D        | Reached skill level 10 in Spellcasting
    56 | D        | Noticed a boulder beetle
    56 | D        | Noticed a boulder beetle
    59 | D        | Killed a boulder beetle
    60 | D        | Reached skill level 10 in Short Blades
    60 | D        | Reached skill level 14 in Stealth
    60 | D        | Reached XP level 8. HP: 36/36 MP: 14/24
    62 | D        | Killed a boulder beetle
    63 | D        | Reached skill level 16 in Stealth
    63 | D        | Reached XP level 9. HP: 39/39 MP: 14/26
   113 | D        | Found Miethaeg's Antique Armour Shoppe.
   114 | D        | Found Zaygipuv's General Store.
   114 | D        | Found Letzir's Distillery.
   119 | D        | Learned a level 2 spell: Ensorcelled Hibernation
   123 | D        | Learned a level 3 spell: Confusing Touch
   127 | D        | Learned a level 3 spell: Dazzling Flash
   127 | D        | Noticed a fire dragon
   309 | D        | Killed Menkaure
   364 | D        | Reached skill level 1 in Conjurations
   505 | D        | Found Jidaab's Magic Scroll Emporium.
   505 | D        | Found Beof's Antique Armour Shoppe.
   505 | D        | Noticed an oklob plant
   506 | D        | Found Cuseh's Antique Armour Shoppe.
   506 | D        | Found Moamit's Book Shoppe.
   506 | D        | Found Yhokleixt's Book Emporium.
   531 | D        | Noticed a hell hog
   533 | D        | Noticed a hell hog
   541 | D        | Bought a wizard robe for 153 gold pieces
   541 | D        | Identified the +1 robe of the Purple Skies {rN+} (You
                  | bought it in a shop in the Dungeon)
   570 | D        | Bought a scarf of invisibility for 120 gold pieces
   583 | D        | Bought a ring of flight for 192 gold pieces
   601 | D        | Bought a potion of invisibility for 112 gold pieces
   601 | D        | Bought a potion of haste for 140 gold pieces
   605 | D        | Bought a potion of might for 48 gold pieces
   631 | D        | Found a radiant altar of Vehumet.
   631 | D        | Found an iron altar of Okawaru.
   632 | D        | Found a sparkling altar of Nemelex Xobeh.
   632 | D        | Found a hide-covered altar of Uskayaw.
   632 | D        | Found a glowing silver altar of Zin.
   633 | D        | Found an opulent altar of Gozag.
   633 | D        | Found a burning altar of Makhleb.
   633 | D        | Found a bloodstained altar of Trog.
   633 | D        | Found a basalt altar of Yredelemnul.
   634 | D        | Found a blossoming altar of Fedhas.
   634 | D        | Found a corrupted altar of Lugonu.
   634 | D        | Found a shimmering blue altar of Sif Muna.
   641 | D        | Found a shimmering altar of Xom.
   641 | D        | Found a glowing golden altar of the Shining One.
   642 | D        | Found an ornate altar of the Wu Jian Council.
   643 | D        | Found an ancient bone altar of Kikubaaqudgha.
   643 | D        | Found a white marble altar of Elyvilon.
   643 | D        | Found a sacrificial altar of Ru.
   644 | D        | Found a viscous altar of Jiyva.
   644 | D        | Found a shadowy altar of Dithmenos.
   644 | D        | Found a stormy altar of Qazlal.
   648 | D        | Noticed a polar bear
   652 | D        | Found a snail-covered altar of Cheibriados.
   654 | D        | Noticed a yaktaur
   655 | D        | Noticed a polar bear
   655 | D        | Noticed a polar bear
   656 | D        | Killed a polar bear
   657 | D        | Killed a polar bear
   658 | D        | Reached skill level 5 in Dodging
   659 | D        | Killed a polar bear
   660 | D        | Reached skill level 5 in Evocations
   662 | D        | Killed a yaktaur
   671 | D        | Found a hazy altar of Hepliaklqana.
   681 | D        | Became a worshipper of Dithmenos the Shadowed
   691 | D        | Noticed a shining eye
   692 | D        | Noticed a shining eye
   692 | D        | Noticed a shining eye
   693 | D        | Killed a shining eye
   694 | D        | Killed a shining eye
   695 | D        | Reached XP level 10. HP: 37/44 MP: 28/28
   707 | D        | Gained mutation: You sometimes lose your temper in combat.
                  | [a shining eye]
   713 | D        | Gained mutation: You are very weak. (Str -4) [a shining
                  | eye]
   718 | D        | Killed a shining eye
   718 | D        | Reached * piety under Dithmenos
   774 | D        | Noticed a cane toad
   775 | D        | Noticed a cane toad
   776 | D        | Killed a cane toad
   777 | D        | Reached skill level 10 in Evocations
   778 | D        | Killed a cane toad
   794 | D        | Noticed a deep elf master archer
   798 | D        | Killed a deep elf master archer
   798 | D        | Reached ** piety under Dithmenos
   799 | D        | Reached skill level 5 in Conjurations
   821 | D        | Noticed a great orb of eyes
   821 | D        | Noticed a manticore
   821 | D        | Noticed a manticore
   821 | D        | Noticed a manticore
   823 | D        | Killed a manticore
   823 | D        | Reached *** piety under Dithmenos
   824 | D        | Reached skill level 15 in Hexes
   824 | D        | Killed a manticore
   826 | D        | Reached skill level 10 in Dodging
   826 | D        | Reached skill level 15 in Spellcasting
   826 | D        | Noticed a death yak
   827 | D        | Killed a manticore
   828 | D        | Reached XP level 11. HP: 45/47 MP: 29/31
   828 | D        | Reached **** piety under Dithmenos
   888 | D        | Killed a death yak
   894 | D        | Killed a great orb of eyes
   909 | D        | Reached ***** piety under Dithmenos
  1287 | D        | Reached skill level 15 in Evocations
  1297 | D        | Noticed a death drake
  1301 | D        | Noticed a crystal guardian
  1302 | D        | HP: 2/47 [poisoned by a death drake (dark miasma)]
  1302 | D        | Noticed a death drake
  1303 | D        | Succumbed to a death drake's dark miasma

Illustrated notes

Levels and vault maps discovered:
D:        the_violet_keep_of_menkaure [sprint2_stairs_cluster_1,
          sprint2_shoproom, sprint2_temple, sprint2_basic_supplies,
          sprint2_obstacle_1, sprint2_obstacle_3, sprint2_obstacle_6,
          sprint2_obstacle_7, sprint2_obstacle_5, sprint2_timed_cluster_1,
          sprint2_smallroom_cluster_1, sprint2_smallroom_final_cluster_1,
          sprint2_transparent_cluster_1, sprint2_second_timed_cluster_1,
          sprint2_sniper_area_1, sprint2_heavy_combat_area_1,
          sprint2_mutation_trap_area_1, sprint2_forest_area_1,
          sprint2_light_combat_area_1, sprint2_behind_water_1,
          sprint2_near_end_vault_1]

Skill      XL: |  1  2  3  4  5  6  7  8  9 10 11 |
---------------+----------------------------------+-----
Short Blades   | 5 6 7 8 10 11 | 11.2
Stealth        | 8 10 11 12 14 16 | 16.0
Spellcasting   | 6 7 8 9 11 12 13 15 | 15.7
Hexes          | 6 8 9 11 12 14 15 | 15.0
Dodging        | 7 10 11 | 11.4
Conjurations   | 3 5 6 |  6.5
Evocations     | 8 13 15 | 15.1

Action                   |  1- 3 |  4- 6 |  7- 9 | 10-12 || total
-------------------------+-------+-------+-------+-------++-------
Melee: Dagger            |     3 |    18 |    25 |    60 ||   106
       Punch             |       |       |     1 |     1 ||     2
 Cast: Ensorcelled Hiber |       |       |     2 |    15 ||    17
       Dazzling Flash    |       |       |       |     9 ||     9
       Confusing Touch   |       |       |       |     2 ||     2
Invok: Shadow Step       |       |       |       |     1 ||     1
 Abil: Evoke Invisibilit |       |       |       |     1 ||     1
  Use: Potion            |     2 |     1 |     1 |     2 ||     6
       Scroll            |       |       |       |     1 ||     1
 Stab: Invisible         |     1 |     5 |     1 |     8 ||    15
       Sleeping          |       |       |    16 |    14 ||    30
Armor: Robe              |       |       |     3 |       ||     3
Dodge: Dodged            |     1 |     8 |     5 |    20 ||    34
